 Dungeon Crawl Stone Soup version 0.30.1-4-g462c640d31 (webtiles) character file.

Game seed: 9438339419943977049

27 HagarQim the Trooper (level 2, -1/27 HPs)
             Began as a Minotaur Fighter on Sept 9, 2023.
             Slain by a gnoll
             ... wielding a +0 whip
             ... led by a gnoll bouda
              (3 damage)
             ... on level 2 of the Dungeon.
             The game lasted 00:01:26 (716 turns).

HagarQim the Trooper (Minotaur Fighter)              Turns: 716, Time: 00:01:27

Health: -1/27      AC:  8    Str: 20    XL:     2   Next: 93%
Magic:  1/1        EV:  9    Int:  5    God:
Gold:   57         SH:  4    Dex:  9    Spells: 1/1 levels left

rFire   . . .        a - +0 trident
rCold   . . .        c - +0 buckler
rNeg    . . .        b - +1 scale mail
rPois   .            (helmet restricted)
rElec   .            (no cloak)
rCorr   .            (no gloves)
SInv    .            (no boots)
Will    .....        (no amulet) Stlth
                     (no ring)
HPRegen 0.24/turn    (no ring)
MPRegen 0.07/turn

%: no passive effects
@: no status effects
A: horns 2, retaliatory headbutt
a: no special abilities


You were on level 2 of the Dungeon.
You visited 1 branch of the dungeon, and saw 2 of its levels.

You collected 57 gold pieces.

Inventory:

Hand Weapons
 a - a +0 trident (weapon)
 f - a +3 dagger
Missiles
 h - 5 javelins (quivered)
Armour
 b - a +1 scale mail (worn)
 c - a +0 buckler (worn)
Potions
 d - a potion of might
 e - a potion of attraction {unknown}
 g - a potion of curing {unknown}
 i - a potion of heal wounds {unknown}
 l - a potion of flight {unknown}


   Skills:
 * Level 4.2 Fighting
 + Level 2.7 Polearms
 + Level 4.1 Armour
 + Level 3.9 Shields


You had one spell level left.
You didn't know any spells.
Your spell library was empty.

Dungeon Overview and Level Annotations

Branches:
Dungeon (2/15)

Altars:


Innate Abilities, Weirdness & Mutations

You have a pair of horns on your head.
You reflexively headbutt those who attack you in melee.


Message History

Found a stone staircase leading down.
No target in view!
l - an orange potion No target in view! 2 gnolls come into view.
The gnoll shouts! x2
A bat comes into view.
The gnoll moves out of view.
A ball python, a gnoll bouda and a gnoll come into view.
The ball python hisses angrily.
The gnoll bouda shouts!
The gnoll shouts!
The bat hits you. The gnoll barely misses you.
A gnoll comes into view. It is wielding a +0 club.
The gnoll bouda barks out a call to the hunt!
The gnolls pick up the pace!
You miss the bat.
The gnoll shouts!
The bat hits you but does no damage. The gnoll closely misses you.
Unknown command.
The gnoll attacks as you move away! The gnoll closely misses you.
The gnoll attacks as you move away! The gnoll hits you with a +0 whip.
A worm comes into view.
The bat barely misses you. You furiously retaliate!
You headbutt the bat.
You kill the bat!
The gnoll hits you with a +0 whip. The gnoll attacks as you move away!
The gnoll hits you with a +0 whip.
As you read the scroll labelled QIAGYRIBLE, it crumbles to dust.
The scroll dissolves into smoke.
It was a scroll of fog.
You block the gnoll's attack. The gnoll barely misses you.
You furiously retaliate!
You headbutt the gnoll. The gnoll hits you with a +0 whip!
The gnoll closely misses you. You block the gnoll's attack.
The gnoll hits you with a +0 whip.
* * * LOW HITPOINT WARNING * * *
As you read the scroll labelled MELOCSA RIMOYWK, it crumbles to dust.
It is a scroll of enchant armour.
Your +0 scale mail glows green for a moment.
The gnoll hits you but does no damage. The gnoll hits you with a +0 flail.
* * * LOW HITPOINT WARNING * * *
The gnoll hits you with a +0 whip.
You die...

##### #.#.#..
#....#########.#.#.#
#..............#.#.#
#.....########.#.#.###
##...................†.
#........#.###......###
#........#.# #.##.###
#).......#.# #.##.#
#...§§@§§#.# #.##.#
#...§Sgg§#.###.##.#
#...§§gg§....#.##.#
#.##+#§§§....#.##.# #
#§§§$...#.#
#..........#.#
.......g##....#
.#.....g. .....
####.... .w..


You could see a gnoll bouda, 3 gnolls and a ball python.

Vanquished Creatures
  2 ball pythons (D:1)
  6 bats
  4 endoplasms (D:1)
  A giant cockroach (D:1)
  3 hobgoblins (D:1)
  2 frilled lizards (D:1)
  4 goblins (D:1)
  A kobold (D:1)
  A rat (D:1)
24 creatures vanquished.

Notes
Turn   | Place    | Note
-------+----------+-------------------------------------------
     0 | D:1      | HagarQim the Minotaur Fighter began the quest for the Orb.
     0 | D:1      | Reached XP level 1. HP: 19/19 MP: 0/0
   148 | D:1      | Reached XP level 2. HP: 26/27 MP: 1/1
   330 | D:1      | Found a faded altar of an unknown god.
   716 | D:2      | Slain by a gnoll

Illustrated notes

Levels and vault maps discovered:
D:1:      moated_graveyard_arrival, layout_basic,
          hellmonk_ecumenical_altar_blasted, nrook_campfire
D:2:      layout_basic, serial_shops, shop, serial_bayou_pond_e,
          minmay_quadrilaterals

Skill      XL: |  1  2 |
---------------+-------+-----
Armour         | 4 |  4.1
Fighting       | 4 |  4.2
Polearms       | |  2.7
Shields        | |  3.9

Action                     || total
---------------------------++-------
  Melee: Trident           ||    51
         Headbutt          ||     9
    Use: Scroll            ||     2
 Armour: Scale mail        ||    20
  Dodge: Dodged            ||    24
  Block: Buckler           ||    14
